 Dungeon Crawl Stone Soup version 0.18-a0-1800-gdc7a371 (webtiles) character file.

88 Duffy the Chopper (level 4, 35/35 HPs)
             Began as a Demonspawn Fighter on Apr 25, 2016.
             Quit the game on level 2 of the Dungeon.
             The game lasted 00:01:51 (1629 turns).

Duffy the Chopper (Demonspawn Fighter)              Turns: 1629, Time: 00:01:52

Health: 35/35      AC: 12    Str: 18    XL:     4   Next: 29%
Magic:  4/4        EV:  7    Int:  9    God:
Gold:   68         SH:  8    Dex: 12    Spells: 0 memorised, 3 levels left

rFire  . . .     SeeInvis .     a - +0 war axe
rCold  . . .     Gourm    .     b - +0 scale mail
rNeg   + . .     Faith    .     c - +0 shield
rPois  .         Spirit   +     (helmet restricted)
rElec  .         Dismiss  .     j - +0 cloak (curse)
rCorr  .         Reflect  .     (no gloves)
SustAt .         Harm     .     h - +2 pair of boots
MR     .....                    (no amulet)
Stlth  ..........               (no ring)
                                i - ring of positive energy

@: not resistant to hostile enchantments, extremely unstealthy
A: horns 1, slimy green scales 1, magic shield
a: no special abilities


You were on level 2 of the Dungeon.
You were not hungry.

You visited 1 branch of the dungeon, and saw 3 of its levels.

You collected 68 gold pieces.


Innate Abilities, Weirdness & Mutations

You have a pair of small horns on your head.
You are partially covered in slimy green scales (AC +2).
When hurt, damage is shared between your health and your magic reserves.


   Skills:
 - Level 3.0 Fighting
 + Level 4.1 Axes
 - Level 2.6 Armour
 - Level 2.6 Shields


You had 3 spell levels left.
You didn't know any spells.

Inventory:

Hand Weapons
 a - a +0 war axe (weapon)
Armour
 b - a +0 scale mail (worn)
 c - a +0 shield (worn)
 h - a +2 pair of boots (worn)
 j - a cursed +0 cloak (worn)
Jewellery
 i - a ring of positive energy (left hand)
Scrolls
 e - a scroll of immolation {unknown}
Potions
 d - a potion of might
Comestibles
 f - a bread ration
 g - a beef jerky

Dungeon Overview and Level Annotations

Branches:
Dungeon (3/15)

Altars:
Trog


Message History

You slash the ball python!
You kill the ball python!
You block the orc's attack.
You closely miss the orc. Your headbutt misses the orc.
The orc barely misses you.
You slash the orc!
You kill the orc!
No target in view!
No target in view!
No target in view!
No target in view!
No target in view!
No target in view!
No target in view!
No target in view!
No target in view!
No target in view!
No target in view!
No target in view!
No target in view!
No target in view!
No target in view!
No target in view!
No target in view!
No target in view!
You see here a rat corpse.
Things that are here:
a hand axe; an animal skin You see here a rat corpse.
There is a bloodstained altar of Trog here.
You open the door.
A rat comes into view.
There is an open door here.
You closely miss the rat. The rat bites you but does no damage.
The rat closely misses you.
You closely miss the rat. You block the rat's attack.
You barely miss the rat. The rat closely misses you.
You block the rat's attack.
You slash the rat!
You kill the rat! 2 rats come into view.
You see here a rat corpse.
Your shield and scale mail prevent you from hitting the rat.
You headbutt the rat, but do no damage. The rat barely misses you.
You slash the rat!
You kill the rat!
You hit the rat.
You kill the rat!
You see here a rat corpse.
Are you sure you want to abandon this character and quit the game? (Confirm with "yes".)

...#..#.#.#.###########
..<#......#.#
#..##.#.#.#.#
##.##.#.#....
##.##.#.#.###
........... ##.######.#
##.# ####### ##.#
#...@.## .#.# #######%#
.#.# #^#####'# ...#
#.......# #)[#
#..._...# #.>#
##.....## ##.# ##...##
##'###########%.##
#(............)##


There were no monsters in sight!

Action                   |  1- 3 |  4- 6 || total
-------------------------+-------+-------++-------
Melee: War axe           |    52 |    21 ||    73
       Headbutt          |     7 |     5 ||    12
  Use: Potion            |     1 |       ||     1
       Scroll            |       |     1 ||     1
  Eat: Chunk             |     2 |       ||     2
Armor: Scale mail        |    36 |     5 ||    41
Dodge: Dodged            |    15 |    11 ||    26
Block: Shield            |    32 |     9 ||    41

Notes
Turn   | Place    | Note
--------------------------------------------------------------
     0 | D:1      | Duffy the Demonspawn Fighter began the quest for the Orb.
     0 | D:1      | Reached XP level 1. HP: 18/18 MP: 1/1
    43 | D:1      | Reached skill level 2 in Axes
   220 | D:2      | Gained mutation: You have a pair of small horns on your head. [demonic ancestry]
   220 | D:2      | Reached XP level 2. HP: 9/24 MP: 2/2
   482 | D:2      | Reached skill level 3 in Axes
  1232 | D:2      | Gained mutation: You are partially covered in slimy green scales (AC +2). [demonic ancestry]
  1232 | D:2      | Reached XP level 3. HP: 27/29 MP: 3/3
  1516 | D:2      | Reached skill level 4 in Axes
  1516 | D:2      | Gained mutation: When hurt, damage is shared between your health and your magic reserves. [demonic ancestry]
  1516 | D:2      | Reached XP level 4. HP: 35/35 MP: 4/4
  1603 | D:2      | Found a bloodstained altar of Trog.
  1629 | D:2      | Quit the game

Skill      XL: |  1  2  3 |
---------------+----------+-----
Axes           | 2 3 4 |  4.1
Fighting       | |  3.0
Armour         | |  2.6
Shields        | |  2.6

Vault maps used:
D:1:      dpeg_arrival_shelter
D:2:      trog_butcher_becter
D:3:      kennysheep_slugbush, nicolae_ru_awakened_eye,
          overflow_temple_1_default, evilmike_ruin_ashenzari

Vanquished Creatures
  An orc priest
  2 adders
  7 dart slugs
  4 orcs
  2 ball pythons
  A bat
  A goblin
  2 kobolds
  6 rats
26 creatures vanquished.
